 Dungeon Crawl Stone Soup version 0.19.1-1-g22dce08 (webtiles) character file.

221 Alarkh the Chopper (level 5, -2/41 HPs)
             Began as a Demonspawn Monk on Jan 7, 2017.
             Was a Believer of Trog.
             Killed by nerve-wracking pain
             ... invoked by a shadow imp
             ... summoned by sveltemanboy's ghost
              (7 damage)
             ... on level 4 of the Dungeon.
             The game lasted 00:03:47 (2776 turns).

Alarkh the Chopper (Demonspawn Monk)                Turns: 2776, Time: 00:03:47

Health: -2/41      AC:  7    Str: 12    XL:     5   Next: 65%
Magic:  5/5        EV: 12    Int: 12    God:    Trog [**....]
Gold:   141        SH:  0    Dex: 15    Spells: 0 memorised, 4 levels left

rFire  . . .     SeeInvis .     r - +0 war axe
rCold  + . .     Gourm    .     t - +1 leather armour {rC+}
rNeg   . . .     Faith    .     (no shield)
rPois  .         Spirit   .     (no helmet)
rElec  .         Reflect  .     (no cloak)
rCorr  .         Harm     .     (no gloves)
MR     .....                    (no boots)
Stlth  +++.......               (no amulet)
                                (no ring)
                                i - ring of stealth

@: exhausted, slowed, very slow
A: icy blue scales 2
a: Berserk, Trog's Hand, Burn Spellbooks, Renounce Religion


You were on level 4 of the Dungeon.
You worshipped Trog.
Trog was pleased with you.
You were very hungry.

You visited 2 branches of the dungeon, and saw 5 of its levels.

You collected 141 gold pieces.

Inventory:

Hand Weapons
 a - a +2 whip of venom
 l - a +0 hand axe
 r - a +0 war axe (weapon)
Armour
 b - a +0 robe
 t - a +1 leather armour of cold resistance (worn)
Jewellery
 i - a ring of stealth (left hand)
Scrolls
 e - 2 scrolls of identify
 g - 4 scrolls of remove curse
 o - a scroll of noise
 q - a scroll of magic mapping {unknown}
 s - a scroll of fog {unknown}
 v - a scroll of teleportation {unknown}
Potions
 h - a potion of degeneration
 j - a potion of haste
 n - 2 potions of flight
 p - a potion of mutation {unknown}
 u - a potion of heal wounds {unknown}
Comestibles
 c - 4 bread rations
 d - 4 fruits
 k - a meat ration


   Skills:
 - Level 3.0 Fighting
 + Level 5.8 Axes
 - Level 2.6 Dodging
 - Level 1.7 Stealth


You had 4 spell levels left.
You didn't know any spells.

Dungeon Overview and Level Annotations

Branches:
Dungeon (4/15)             Temple (1/1) D:4

Altars:
Ashenzari
Cheibriados
Dithmenos
Elyvilon
Fedhas
Gozag
Hepliaklqana
Kikubaaqudgha
Makhleb
Okawaru
Qazlal
Sif Muna
Trog
Xom
Yredelemnul
Zin
The Shining One

Annotations:
D:4 sveltemanboy's ghost, amateur DEWz


Innate Abilities, Weirdness & Mutations

You are mostly covered in icy blue scales. (AC +3)


Message History

You feel better. The worker ant misses you. The worker ant barely misses you.
The scorpion stings the worker ant!
Sveltemanboy's ghost hits you.
* * * LOW HITPOINT WARNING * * *
The worker ant barely misses you. The white imp barely misses you.
The worker ant bites you but does no damage.
The scorpion misses the worker ant.
Sveltemanboy's ghost casts a spell.
As you read the scroll of fear, it crumbles to dust.
You assume a fearsome visage.
The worker ant looks frightened!
The white imp is unaffected.
The scorpion looks frightened!
The worker ant looks frightened!
The shadow imp is unaffected.
The worker ant looks frightened!
Sveltemanboy's ghost is unaffected.
The crimson imp is unaffected.
The white imp barely misses you.
The scorpion barely misses the worker ant.
The crimson imp blinks!
Sveltemanboy's ghost hits you.
* * * LOW HITPOINT WARNING * * *
The white imp hits you but does no damage.
The shadow imp gestures at you. Pain shoots through your body!
You die...

#######......#
##....##......#
#............##
#........>....#
#.............#
#.............#
##....##.....#########
...####+###.....##.......
.......5@5......+........
..a[...W........#........
.........s.a....#....<...
..$##.ยง.a###...###..##...
.. #....###...###..##### .
#................#
#................#
.................#
+.................#


You could see a scorpion (confused), 3 worker ants, sveltemanboy's ghost, a
white imp and a shadow imp.

Vanquished Creatures
  A phantom (D:4)
  An iguana (D:4)
  2 adders
  An ooze (D:3)
  2 worms
  3 dart slugs
  A leopard gecko (D:2)
  3 orcs (D:3)
  3 ball pythons
  11 bats
  5 giant cockroaches
  10 goblins
  3 hobgoblins (D:1)
  3 jackals (D:3)
  7 kobolds
  2 quokkas (D:3)
  5 frilled lizards
  5 rats
68 creatures vanquished.

Notes
Turn   | Place    | Note
-------+----------+-------------------------------------------
     0 | D:1      | Alarkh the Demonspawn Monk began the quest for the Orb.
     0 | D:1      | Reached XP level 1. HP: 18/18 MP: 1/1
     0 | D:1      | Found an iron altar of Okawaru.
    86 | D:1      | Reached skill level 3 in Axes
   129 | D:1      | Gained mutation: You are partially covered in icy blue scales. (AC +2) [demonic ancestry]
   129 | D:1      | Reached XP level 2. HP: 22/24 MP: 2/2
   511 | D:1      | Reached XP level 3. HP: 25/29 MP: 3/3
   666 | D:1      | Reached skill level 4 in Axes
  1456 | D:3      | Reached XP level 4. HP: 35/35 MP: 4/4
  1521 | D:3      | Found a burning altar of Makhleb.
  1929 | D:3      | Found a deep blue altar of Sif Muna.
  2025 | D:3      | Found a bloodstained altar of Trog.
  2231 | D:3      | Became a worshipper of Trog the Wrathful
  2231 | D:3      | Reached * piety under Trog
  2231 | D:3      | Reached ** piety under Trog
  2436 | D:4      | Found a staircase to the Ecumenical Temple.
  2439 | D:4      | Noticed a phantom
  2459 | D:4      | Killed a phantom
  2459 | D:4      | Reached skill level 5 in Axes
  2459 | D:4      | Gained mutation: You are mostly covered in icy blue scales. (AC +3) [demonic ancestry]
  2459 | D:4      | Reached XP level 5. HP: 17/41 MP: 5/5
  2464 | Temple   | Entered the Ecumenical Temple
  2749 | D:4      | Noticed sveltemanboy's ghost (amateur DEWz)
  2776 | D:4      | Killed from afar by a shadow imp

Skill      XL: |  1  2  3  4 |
---------------+-------------+-----
Axes           | 3 4 5 |  5.8
Fighting       | |  3.0
Dodging        | |  2.6
Stealth        | |  1.7

Action                   |  1- 3 |  4- 6 || total
-------------------------+-------+-------++-------
Melee: Hand axe          |    51 |     2 ||    53
       Whip              |    77 |    72 ||   149
       War axe           |       |    25 ||    25
Invok: Berserk           |       |     1 ||     1
       Trog's Hand       |       |     1 ||     1
  Use: Scroll            |     7 |     1 ||     8
       Potion            |       |     2 ||     2
 Stab: Sleeping          |     8 |     6 ||    14
  Eat: Chunk             |     2 |     4 ||     6
Armor: Robe              |    41 |     6 ||    47
       Leather armour    |       |    24 ||    24
Dodge: Dodged            |    88 |    74 ||   162
